 Dungeon Crawl Stone Soup version 0.31-a0-408-gb642c7f9a3 (webtiles) character file.

Game seed: 8917454784525042210

4506 Lorrdernie the Grappler (level 10, -6/65 HPs)
             Began as a Demonspawn Shapeshifter on July 30, 2023.
             Was a Follower of Dithmenos.
             Mangled by a troll (10 damage)
             ... on level 9 of the Dungeon.
             The game lasted 00:15:13 (7916 turns).

Lorrdernie the Grappler (Demonspawn Shapeshifter)   Turns: 7916, Time: 00:15:14

Health: -6/65      AC:  5    Str: 16    XL:     10   Next: 16%
Magic:  10/10      EV: 17    Int: 13    God:    Dithmenos [*.....]
Gold:   242        SH:  0    Dex: 16    Spells: 9/9 levels left

rFire   . .          .
                       - Unarmed
rCold   . . .        (no shield)
rNeg    + . .        r - +0 ring mail {Will+}
rPois   .            (helmet currently unavailable)
rElec   .            i - melded +0 cloak
rCorr   .            (gloves currently unavailable)
SInv    .            o - melded +0 pair of boots
Will    +....        (no amulet)
Stlth   +++          d - +5 ring of evasion
HPRegen 0.30/turn    t - ring of positive energy
MPRegen 0.12/turn

%: no passive effects
@: beast-form, wreathed by umbra
A: beast (slay +4), thin skeletal structure 1, demonic guardian 1, powered by
pain 1, demonic touch 2
a: Begin Untransformation, Renounce Religion


You were on level 9 of the Dungeon.
You worshipped Dithmenos.
Dithmenos was aware of your devotion.
You were a hulking beast.
You visited 2 branches of the dungeon, and saw 10 of its levels.

You collected 476 gold pieces.
You spent 234 gold pieces at shops.

Inventory:

Missiles
 q - 2 curare-tipped darts
 F - 2 throwing nets
Armour
 a - a +0 animal skin
 i - a +0 cloak (melded)
 o - a +0 pair of boots (melded)
 r - a +0 ring mail of willpower (worn)
 x - a +1 leather armour
 D - a +0 helmet
Jewellery
 d - a +5 ring of evasion (left hand)
 k - a +6 ring of strength
 t - a ring of positive energy (right hand)
 u - an amulet of faith
 G - a +6 ring of intelligence
Talismans
 c - a beast talisman
Wands
 j - a wand of iceblast (8)
 m - a wand of light (4)
 s - a wand of flame (20)
 A - a wand of mindburst (19)
Scrolls
 e - 2 scrolls of fog
 g - 2 scrolls of teleportation
 h - 6 scrolls of revelation
 n - 3 scrolls of identify
 y - 4 scrolls of blinking
 B - a scroll of fear
 E - a scroll of enchant armour
 J - a scroll of immolation {unknown}
Potions
 b - a potion of lignification
 f - 2 potions of curing
 l - 2 potions of magic
 p - 4 potions of attraction {unknown}
 v - a potion of might
 w - a potion of heal wounds
 z - a potion of mutation
 C - a potion of ambrosia
 H - a potion of haste {unknown}
 I - a potion of resistance {unknown}


   Skills:
 - Level 1.0 Fighting
 + Level 4.0 Dodging
 + Level 2.7 Stealth
 * Level 10.8 Unarmed Combat
 + Level 6.8 Shapeshifting


You had 9 spell levels left.
You didn't know any spells.
Your spell library contained the following spells:

 Spells                   Type           Power      Damage    Failure   Level
 Foxfire                  Conj/Fire      0%         2x1d4     52%         1
 Momentum Strike          Conj/Tloc      0%         3d8       65%         2
 Sublimation of Blood     Necr           0%         N/A       65%         2
 Wereblood                Tmut           0%         N/A       65%         2
 Dazzling Flash           Conj/Hex       0%         N/A       87%         3
 Agony                    Necr           0%         N/A       100%        5
 Freezing Cloud           Conj/Ice/Air   0%         6-21      100%        5
 Silence                  Hex/Air        0%         N/A       100%        5
 Starburst                Conj/Fire      0%         6d3       100%        6
 Summon Hydra             Summ           0%         N/A       100%        7


Dungeon Overview and Level Annotations

Branches:
Dungeon (9/15)             Temple (1/1) D:7
   Lair: D:8-11         Orc: D:9-12

Altars:
Ashenzari
Cheibriados
Dithmenos
Fedhas
Gozag
Hepliaklqana
Kikubaaqudgha
Makhleb
Nemelex Xobeh
Okawaru
Ru
Sif Muna
Trog
Vehumet
Wu Jian
Xom
Yredelemnul

Shops:
D:1 =   D:3 *?*!*   D:8 !

Annotations:
D:5 2 transporters


Innate Abilities, Weirdness & Mutations

You are a hulking beast.
Your limbs bulge with bestial killing power. (Slay +4)
You have a somewhat thin skeletal structure. (Dex +2, Stealth+)
A weak demonic guardian rushes to your aid.
You sometimes gain a little power by taking damage.
Your touch may inflict irresistible damage on your foes.


Message History

A hound comes into view.
The centaur wields a +0 shortbow.
The centaur shoots an arrow.
The arrow hits you.
Your ufetubus hits the troll but does no damage.
Your ufetubus barely misses the troll.
You are too injured to fight recklessly!
Unknown command.
The troll bites you! The troll closely misses you. The troll claws you!
* * * LOW HITPOINT WARNING * * *
Your ufetubus closely misses the troll.
Your ufetubus barely misses the troll.
The centaur unwields a +0 shortbow.
The centaur misses you.
The centaur kicks you but does no damage.
The wolf closely misses you.
Unknown command.
Unknown command.
Okay, then.
You hit the troll.
The troll is heavily wounded.
Your ufetubus misses the troll.
Your ufetubus barely misses the troll.
The centaur hits you.
* * * LOW HITPOINT WARNING * * *
The centaur barely misses you. The troll misses you. x2
The troll completely misses you. The wolf closely misses you.
Your ufetubus hits the troll but does no damage.
Your ufetubus hits the troll.
Unknown command.
You catch the helpless troll completely off-guard!
You punch the troll!
The troll is almost dead.
The wolf barely misses you.
The centaur hits you but does no damage.
The centaur closely misses you.
The electric eel shoots out a bolt of lightning at you!
The bolt of electricity hits your ufetubus!
Your ufetubus dies!
Your ufetubus disappears in a puff of smoke!
The bolt of electricity hits you!
* * * LOW HITPOINT WARNING * * *
The troll bites you!
You die...

....~≈~~~
##..~~~≈~≈ #
.......~≈≈ ###..
...S~~~~~ #.....
.........
#.....####..~~≈≈~~
#.........§c~~≈≈≈~
#.........hTh~~≈~.
#..........h.~.h.~
#............~~..≈
#...........~...~.
#.................
###.........######
#............
#............$
#......#######
.#######


You could see a troll, 2 wolves, a centaur, a hound and an electric eel.

Vanquished Creatures
  Prince Ribbit (D:8)
  A vampire (D:9)
  Eustachio (D:4)
  2 steam dragons
  Menkaure (D:4)
  3 water moccasins
  An ice beast (D:6)
  3 ogres
  3 centaurs
  A phantom (D:5)
  2 kobold brigands
  3 bullfrogs
  A gnoll sergeant (D:6)
  4 scorpions
  8 wights (D:8)
  8 killer bees
  8 howler monkeys
  2 jellies
  A gnoll bouda (D:8)
  4 orc priests
  4 hounds
  An iguana (D:6)
  Terence (D:3)
  4 orc wizards
  A mummy (D:3)
  9 gnolls
  12 adders
  3 shadow imps
  3 white imps (D:8)
  An ufetubus (D:4)
  2 worms (D:3)
  17 orcs
  8 ball pythons
  7 bats
  7 endoplasms
  6 giant cockroaches
  8 goblins
  3 hobgoblins
  4 jackals (D:1)
  3 quokkas
  2 frilled lizards
  13 kobolds
  7 rats
184 creatures vanquished.

Vanquished Creatures (collateral kills)
  A sky beast (D:7)
  A killer bee (D:7)
2 creatures vanquished.

Grand Total: 186 creatures vanquished

Notes
Turn   | Place    | Note
-------+----------+-------------------------------------------
     0 | D:1      | Lorrdernie the Demonspawn Shapeshifter began the quest for
                  | the Orb.
     0 | D:1      | Reached XP level 1. HP: 15/15 MP: 1/1
    74 | D:1      | Found Buitolue's Jewellery Shoppe.
   197 | D:1      | Reached skill level 3 in Unarmed Combat
   197 | D:1      | Gained mutation: Your touch may inflict minor irresistible
                  | damage on your foes. [demonic ancestry]
   197 | D:1      | Reached XP level 2. HP: 21/21 MP: 2/2
   542 | D:1      | Found a faded altar of an unknown god.
   549 | D:1      | Gained mutation: You sometimes gain a little power by
                  | taking damage. [demonic ancestry]
   549 | D:1      | Reached XP level 3. HP: 26/26 MP: 3/3
  1353 | D:2      | You fall into a shaft and drop 1 floor!
  1354 | D:3      | Found Natiubys's Assorted Antiques.
  1383 | D:2      | Reached XP level 4. HP: 32/32 MP: 4/4
  2038 | D:3      | Found Riofisitt's Assorted Antiques.
  2042 | D:3      | Found a basalt altar of Yredelemnul.
  2112 | D:3      | Reached skill level 4 in Unarmed Combat
  2239 | D:3      | Found a snail-covered altar of Cheibriados.
  2358 | D:3      | Found Ewoigaw's Assorted Antiques.
  2501 | D:3      | Found Vyiptis's Distillery.
  2503 | D:3      | Noticed Terence
  2509 | D:3      | Killed Terence
  2546 | D:3      | Bought a potion of might for 44 gold pieces
  2546 | D:3      | Bought a potion of heal wounds for 55 gold pieces
  2546 | D:3      | Bought a potion of curing for 33 gold pieces
  2594 | D:3      | Found Xaelim's Magic Scroll Emporium.
  2702 | D:4      | Reached XP level 5. HP: 33/37 MP: 5/5
  2870 | D:4      | Reached skill level 5 in Unarmed Combat
  2899 | D:4      | Noticed Menkaure
  2905 | D:4      | Killed Menkaure
  2906 | D:4      | Reached XP level 6. HP: 19/43 MP: 6/6
  3130 | D:4      | Reached skill level 6 in Unarmed Combat
  3141 | D:4      | Reached XP level 7. HP: 48/48 MP: 7/7
  3220 | D:4      | Noticed Eustachio
  3240 | D:4      | Killed Eustachio
  3379 | D:3      | Bought a scroll of blinking for 90 gold pieces
  3388 | D:5      | Entered Level 5 of the Dungeon
  3490 | D:5      | Found a sparkling altar of Nemelex Xobeh.
  3542 | D:5      | Reached skill level 7 in Unarmed Combat
  3570 | D:5      | Found a transporter.
  3571 | D:5      | Noticed a kobold demonologist
  3587 | D:5      | Found a transporter.
  3893 | D:5      | Reached skill level 5 in Shapeshifting
  3893 | D:5      | Gained mutation: A weak demonic guardian rushes to your
                  | aid. [demonic ancestry]
  3893 | D:5      | Reached XP level 8. HP: 47/54 MP: 8/8
  4563 | D:6      | Reached skill level 8 in Unarmed Combat
  4911 | D:6      | Found a shimmering altar of Xom.
  4941 | D:6      | Found an opulent altar of Gozag.
  5291 | D:6      | Reached skill level 9 in Unarmed Combat
  5501 | D:6      | Gained mutation: You have a somewhat thin skeletal
                  | structure. (Dex +2, Stealth+) [demonic ancestry]
  5501 | D:6      | Reached XP level 9. HP: 27/59 MP: 9/9
  5724 | D:6      | Got the Anthology of Arcane Combat and Inhalation
  5971 | D:7      | HP: 1/88 [killer bee (7)]
  5993 | D:7      | Reached skill level 10 in Unarmed Combat
  6191 | D:7      | Found a staircase to the Ecumenical Temple.
  6202 | Temple   | Entered the Ecumenical Temple
  6218 | Temple   | Became a worshipper of Dithmenos the Shadowed
  6323 | D:7      | Found a shimmering blue altar of Sif Muna.
  6648 | D:8      | Noticed Prince Ribbit
  6665 | D:8      | Killed Prince Ribbit
  6666 | D:8      | Reached skill level 1 in Stealth
  6790 | D:8      | Identified the +8 long sword "Evoa" {holy, rC+ Will+}
  7168 | D:8      | Found Iclyn's Distillery.
  7176 | D:8      | Bought a potion of degeneration for 12 gold pieces
  7189 | D:8      | Reached * piety under Dithmenos
  7317 | D:8      | Gained mutation: Your touch may inflict irresistible damage
                  | on your foes. [demonic ancestry]
  7317 | D:8      | Reached XP level 10. HP: 55/65 MP: 10/10
  7916 | D:9      | Mangled by a troll

Illustrated notes

Levels and vault maps discovered:
D:1:      dpeg_arrival_concentric_ovals, layout_basic,
          hellmonk_ecumenical_altar_pennies_from_heaven, serial_shops,
          nicolae_shop_window_shopping, minmay_statues_item
D:2:      layout_basic
D:3:      layout_basic, lemuel_round_altar, chei_slow_surprise, serial_shops,
          nicolae_shop_trees, nicolae_shop_stone,
          nicolae_shop_overgrown_old_shop, nicolae_shop_tiny_waterfront, shop,
          grunt_ministairs_2, hangedman_feature_mirror, minmay_bisected,
          uniq_terence
D:4:      layout_gridville, uniq_eustachio, uniq_menkaure
D:5:      gammafunk_wand_slinger, layout_gridville,
          mainiacjoe_overflow_tiny_flanked, nemelex_spade_bored_becter
D:6:      layout_basic, mainiacjoe_overflow_two_lobes
D:7:      layout_rooms, mainiacjoe_overflow_alcove_2,
          minmay_temple_entry_drinking_statues
D:8:      layout_loops_ring, serial_shops, nicolae_shop_statue_plus,
          uniq_prince_ribbit1
D:9:      layout_irregular_city, erik_lair_island, minmay_between
Temple:   dshaligram_water_room_temple

Skill      XL: |  1  2  3  4  5  6  7  8  9 10 |
---------------+-------------------------------+-----
Unarmed Combat | 3 4 5 6 7 9 10 | 10.8
Shapeshifting  | 3 4 5 6 |  6.8
Dodging        | 3 4 |  4.0
Stealth        | 2 |  2.7
Fighting       | |  1.0

Action                     |  1- 3 |  4- 6 |  7- 9 | 10-12 || total
---------------------------+-------+-------+-------+-------++-------
  Melee: Unarmed           |    90 |    82 |   290 |    47 ||   509
         Touch             |     9 |    21 |    42 |     8 ||    80
         Punch             |       |     5 |    13 |     3 ||    21
Ability: Begin Untransform |     1 |     1 |       |       ||     2
    Use: Scroll            |       |       |    14 |       ||    14
         Potion            |       |       |     6 |       ||     6
   Stab: Sleeping          |     4 |     2 |     2 |       ||     8
         Distracted        |       |       |       |     1 ||     1
 Armour: Animal skin       |    22 |     5 |       |       ||    27
         Leather armour    |       |       |    16 |       ||    16
         Skin              |       |       |    32 |       ||    32
         Ring mail         |       |       |    10 |    10 ||    20
  Dodge: Dodged            |    49 |    42 |   166 |    59 ||   316
   Form: Beast             |     1 |     1 |       |       ||     2

Table legend: (Time is in decaauts)
 A = Elapsed time spent in this place.
 B = Non-inter-level travel time spent in this place.
 C = Inter-level travel time spent in this place.
 D = Time resting spent in this place.
 E = Time spent auto-exploring this place.
 F = Levels seen in this place.
 G = Mean time per level.
                   A        B        C        D        E       F      G
               +--------+--------+--------+--------+--------+-----+--------+
         Total |   7849 |   7420 |    429 |   1252 |   4938 |  10 |  784.9 |
       Dungeon |   7816 |   7402 |    414 |   1252 |   4938 |   9 |  868.4 |
        Temple |     32 |     17 |     15 |      0 |      0 |   1 |   32.0 |
               +--------+--------+--------+--------+--------+-----+--------+

Top non-repeatable levels by time:
     D:6: 1281 daAuts
     D:5: 1089 daAuts
     D:1: 996 daAuts
     D:2: 903 daAuts
     D:8: 902 daAuts
     D:3: 795 daAuts
     D:7: 769 daAuts
     D:4: 692 daAuts
     D:9: 385 daAuts
  Temple: 32 daAuts
